 Dungeon Crawl Stone Soup version 0.21.1-1-g345015f (webtiles) character file.

17553 tidbits the Thaumaturge (level 12, 29/91 HPs)
             Began as a Gnoll Earth Elementalist on Feb 8, 2018.
             Was an Elder of Cheibriados.
             Quit the game on level 13 of the Dungeon.
             The game lasted 00:57:13 (3599 turns).

tidbits the Thaumaturge (Gnoll Earth Elementalist)  Turns: 3599, Time: 00:57:14

Health: 29/91      AC:  5    Str: 21    XL:     12   Next: 49%
Magic:  14/24      EV: 26    Int: 32    God:    Cheibriados [****..]
Gold:   569        SH:  7    Dex: 26    Spells: 3/28 levels left

rFire    . . .     SeeInvis +   b - +1 dagger (drain)
rCold    . . .     Gourm    .   D - +0 buckler
rNeg     . . .     Faith    .   B - +0 troll leather armour
rPois    .         Spirit   .   (helmet restricted)
rElec    +         Reflect  .   (no cloak)
rCorr    .         Harm     .   (no gloves)
MR       .....                  (no boots)
Stlth    ++++......             k - amulet of magic regeneration
HPRegen  0.65/turn              V - +6 ring of evasion
MPRegen  0.44/turn              I - ring of see invisible

@: slowed, very slow
A: distributed training, fangs 1, horns 1, talons 1, electricity resistance,
strong nose
a: Bend Time, Temporal Distortion, Slouch, Renounce Religion


You were on level 13 of the Dungeon.
You worshipped Cheibriados.
Cheibriados was greatly pleased with you.
You were not hungry.

You visited 3 branches of the dungeon, and saw 17 of its levels.

You collected 569 gold pieces.

Inventory:

Hand Weapons
 a - a +6 demon trident of freezing
   (You acquired it on level 10 of the Dungeon)
 b - a +1 dagger of draining (weapon)
   (You found it on level 11 of the Dungeon)
 w - a +0 hand axe of distortion
   (You found it on level 9 of the Dungeon)
 G - a +0 rapier of flaming
   (You found it on level 12 of the Dungeon)
 J - a +2 trident of protection
   (You took it off an orc warrior on level 12 of the Dungeon)
Missiles
 f - 214 arrows
 m - a tomahawk (quivered)
 O - 134 stones
Armour
 p - a +0 helmet
 B - a +0 troll leather armour (worn)
 D - a +0 buckler (worn)
 F - +0 acid dragon scales
 K - a +1 robe
Magical Staves
 E - an uncursed staff of conjuration {!a}
   (You found it on level 11 of the Dungeon)
Jewellery
 d - a +2 amulet of reflection
   (You found it on level 3 of the Dungeon)
 k - an amulet of magic regeneration (around neck)
   (You found it on level 4 of the Dungeon)
 t - the ring "Mofranah" {Fire Int+2}
   (You found it on level 12 of the Dungeon)

   [ring of fire]

   It enhances your fire magic.
   It affects your intelligence (+2).
   It protects you from fire.
   It makes you vulnerable to cold.
 x - an uncursed ring of protection from cold
   (You found it on level 9 of the Dungeon)
 C - an uncursed amulet of guardian spirit
   (You found it on level 11 of the Dungeon)
 H - an uncursed ring of positive energy
   (You found it on level 12 of the Dungeon)
 I - a ring of see invisible (right hand)
   (You found it on level 5 of the Dungeon)
 M - an uncursed ring of teleportation
   (You found it on level 10 of the Dungeon)
 V - a +6 ring of evasion (left hand)
   (You found it on level 8 of the Dungeon)
Scrolls
 h - 3 scrolls of amnesia
 i - 8 scrolls of identify
 q - a scroll of blinking
 r - 5 scrolls of remove curse
 u - a scroll of fear
 z - 2 scrolls of enchant armour
Potions
 g - a potion of ambrosia
 j - 2 potions of mutation {!q}
 l - 2 potions of curing
 n - a potion of lignification
 o - 2 potions of heal wounds
 s - 2 potions of flight
 A - a potion of brilliance
Books
 e - a book of Geomancy

   Spells                             Type                      Level
   a - Sandblast                      Earth                        1
   b - Passwall                       Transmutation/Earth          2
   c - Stone Arrow                    Conjuration/Earth            3
   d - Petrify                        Transmutation/Earth          4
   e - Lee's Rapid Deconstruction     Earth                        5
 L - a book of Minor Magic
   (You found it on level 12 of the Dungeon)

   Spells                             Type                      Level
   a - Magic Dart                     Conjuration                  1
   b - Blink                          Translocation                2
   c - Call Imp                       Summoning                    2
   d - Slow                           Hexes                        2
   e - Conjure Flame                  Conjuration/Fire             3
   f - Mephitic Cloud                 Conjuration/Poison/Air       3
Miscellaneous
 y - a lightning rod (inert)
Comestibles
 c - 13 rations


   Skills:
 + Level 7.2 Fighting
 + Level 7.2 Short Blades
 + Level 7.2 Long Blades
 + Level 7.2 Axes
 + Level 7.2 Maces & Flails
 + Level 7.2 Polearms
 + Level 7.2 Staves
 + Level 7.2 Slings
 + Level 7.2 Bows
 + Level 7.2 Crossbows
 + Level 7.2 Throwing
 + Level 7.2 Armour
 + Level 8.6 Dodging
 + Level 8.4 Stealth
 + Level 7.2 Shields
 + Level 7.2 Unarmed Combat
 + Level 8.9 Spellcasting
 + Level 6.0 Conjurations
 + Level 6.0 Hexes
 + Level 6.0 Charms
 + Level 6.0 Summonings
 + Level 6.0 Necromancy
 + Level 6.0 Translocations
 + Level 6.4 Transmutations
 + Level 6.0 Fire Magic
 + Level 6.0 Ice Magic
 + Level 6.0 Air Magic
 + Level 8.2 Earth Magic
 + Level 6.0 Poison Magic
 + Level 7.9 Invocations
 + Level 7.2 Evocations


You had 3 spell levels left.
You knew the following spells:

 Your Spells              Type           Power        Failure   Level  Hunger
a - Sandblast             Erth           ######       1%          1    None
b - Blink                 Tloc           N/A          1%          2    None
c - Conjure Flame         Conj/Fire      ######..     1%          3    None
e - Petrify               Tmut/Erth      ######..     1%          4    None
j - Stone Arrow           Conj/Erth      ######       1%          3    None
m - Mephitic Cloud        Conj/Pois/Air  ######..     1%          3    None
n - Animate Skeleton      Necr           N/A          1%          1    None
p - Passwall              Tmut/Erth      ######....   1%          2    None
A - Apportation           Tloc           ######       1%          1    None
D - Lee's Rapid Deconstr  Erth           ######....   3%          5    ###....


Dungeon Overview and Level Annotations

Branches:
Dungeon (14/15)            Temple (1/1) D:5             Orc (2/2) D:10
   Lair: D:8-11         Elf: Orc:2       Vaults: D:13-14

Altars:
Ashenzari
Cheibriados
Dithmenos
Elyvilon
Fedhas
Gozag
Hepliaklqana
Kikubaaqudgha
Nemelex Xobeh
Okawaru
Qazlal
Ru
Sif Muna
Trog
Uskayaw
Vehumet
Xom
Yredelemnul
Zin
The Shining One

Shops:
D:5 %   D:10 =

Annotations:
D:12 Agrougrou's ghost, journeyman OpTm


Innate Abilities, Weirdness & Mutations

Your experience applies equally to all skills.
You have very sharp teeth.
Your uncanny sense of smell can sniff out nearby items.
You have a pair of small horns on your head.
You have sharp toenails.
You are resistant to electric shocks. (rElec)


Message History

You start resting.
You carefully extract the barbed spikes from your body.
Wield which item (- for none, * to show all)? (? for menu, Esc to quit)
Okay, then.
Found 14 sling bullets.
Casting: Petrify
Confirm with . or Enter, or press ? or * to list all spells.
Which direction?
HP restored.
You begin to meditate on the wall.
You continue meditating on the rock. x4
Magic restored.
You finish merging with the rock.
Found a scroll of remove curse.
Found a stone staircase leading down.
A worker ant comes into view.
r - 5 scrolls of remove curse (gained 1)
A yaktaur comes into view.
Unknown command.
A centaur warrior comes into view.
You found a shaft!
Casting: Passwall
Confirm with . or Enter, or press ? or * to list all spells.
Which direction?
Okay, then.
Casting: Passwall
Confirm with . or Enter, or press ? or * to list all spells.
Which direction?
You begin to meditate on the wall.
You continue meditating on the rock. x3
You finish merging with the rock.
A freezing wraith comes into view.
A big kobold comes into view.
Unknown command.
The big kobold shouts!
Unknown command.
The big kobold changes into a worm!
The freezing wraith misses you. x2
The freezing wraith closely misses you. The freezing wraith hits you.
The freezing wraith drains your vigour!
You feel yourself slow down.
Found a scroll of amnesia.
Unknown command.
The worm changes into a hornet!
You block the freezing wraith's attack. The freezing wraith closely misses you.
The freezing wraith hits you but does no damage.
You block the freezing wraith's attack.
Unknown command.
Casting: Passwall
Confirm with . or Enter, or press ? or * to list all spells.
Aiming: Conjure Flame
Press: ? - help, Dir - move target cursor, f - freezing wraith
Aim: a freezing wraith
Okay, then.
The freezing wraith barely misses you.
The freezing wraith completely misses you.
You see here a scroll of amnesia.
Casting: Conjure Flame
Confirm with . or Enter, or press ? or * to list all spells.
Aiming: Conjure Flame
Press: ? - help, Dir - move target cursor The fire ignites!
You block the freezing wraith's attack. The freezing wraith hits you!
The freezing wraith drains your vigour!
You feel as though you will be slow longer.
The freezing wraith hits you. The freezing wraith freezes you!
The freezing wraith misses you.
Casting: Conjure Flame
Confirm with . or Enter, or press ? or * to list all spells.
Which direction?
Why would you want to do that?
Casting: Passwall
Confirm with . or Enter, or press ? or * to list all spells.
You blink.
The centaur warrior wields a shortbow.
The centaur warrior shoots an arrow.
The arrow hits you!! The hornet stings you!
* * * LOW HITPOINT WARNING * * *
You feel as though you will be slow longer.
The centaur warrior shoots an arrow.
The arrow completely misses you.
Unknown command.
Casting: Blink
Confirm with . or Enter, or press ? or * to list all spells.
You blink.
A bullfrog skeleton comes into view.
The worker ant twitches its antennae in your direction.
The centaur warrior shoots an arrow.
The arrow hits you.
* * * LOW HITPOINT WARNING * * *
Okay, then.
Unknown command.
Unknown command.
Unknown command.
Okay, then.
You can feel time thicken for a moment.
You kill the worker ant!
Cheibriados thoroughly appreciates the change of pace.
You destroy the bullfrog skeleton!
Cheibriados appreciates the change of pace.
You kill the hornet!
Cheibriados thoroughly appreciates the change of pace.
You feel somewhat more hungry.
The centaur warrior shoots an arrow.
The arrow hits you.
* * * LOW HITPOINT WARNING * * *
The centaur warrior shoots an arrow.
The arrow hits you.
* * * LOW HITPOINT WARNING * * *
Unknown command.
Are you sure you want to abandon this character and quit the game? (Confirm with "yes".)

.... .. ##...##.# ∆
c......# ## .....#.# ...
.. ...#.#.##.# #...
#....>....# #... #....#.#
#.(. #.##@..# #...
#.###..##### ##...###
#......#...## .......####
##..........## .#...#.##.#
#.##(W......###
.##......#.#
#.##..^........
.#####.##.####.###..(.c..#
.#..........##.####.....##
.......##.#.##...§.....##


You could see a centaur warrior and a freezing wraith.

Vanquished Creatures
  An orc warlord (Orc:1)
  5 two-headed ogres
  Nergalle (D:10)
  2 unseen horrors
  An orc knight (Orc:1)
  Pikel (D:5)
  2 manticores
  An ugly thing (D:11)
  2 cyclopes (D:12)
  The ghost of komo4ek the Basher, a novice GrFi of Okawaru (D:5)
  A komodo dragon (D:12)
  2 trolls
  A hornet (D:10)
  A queen bee (D:10)
  A hornet (shapeshifter) (D:13)
  A hippogriff (D:12)
  A wyvern (D:9)
  A wraith (D:11)
  5 yaks (D:10)
  2 hungry ghosts
  3 wargs
  An acid dragon (D:12)
  Duvessa (D:6)
  12 orc warriors
  A black bear (D:10)
  An ice beast (D:14)
  3 ogres
  4 centaurs
  A big kobold (D:9)
  7 bullfrogs
  A gnoll sergeant (D:9)
  Dowan (D:6)
  4 scorpions
  19 killer bees (D:10)
  2 vampire bats (D:3)
  A howler monkey (D:11)
  7 electric eels (D:11)
  2 crimson imps
  A quasit (D:10)
  A centaur zombie (D:10)
  4 hounds
  A bullfrog zombie (D:5)
  A bullfrog skeleton (D:13)
  9 orc priests
  2 centaur skeletons
  7 jellies
  6 orc wizards
  2 iguanas
  8 worker ants
  A killer bee zombie (D:10)
  A hound zombie (D:5)
  2 worker ant zombies (D:6)
  3 gnolls (D:9)
  7 adders
  4 shadow imps
  An ooze (D:3)
  An adder skeleton (D:6)
  A worm (D:8)
  2 leopard geckos
  32 orcs
  9 bats
  2 giant cockroaches
  A goblin (D:2)
  2 hobgoblins (D:2)
  2 jackals (D:4)
  8 kobolds
  7 quokkas
  A frilled lizard (D:4)
  A quokka skeleton (D:4)
  5 rats
239 creatures vanquished.

Notes
Turn   | Place    | Note
-------+----------+-------------------------------------------
     0 | D:1      | tidbits the Gnoll Earth Elementalist began the quest for the Orb.
     0 | D:1      | Reached XP level 1. HP: 13/13 MP: 6/6
    93 | D:1      | Reached skill level 2 in Transmutations
   166 | D:1      | Reached XP level 2. HP: 19/19 MP: 5/7
   170 | D:1      | Learned a level 2 spell: Passwall
   254 | D:2      | Found a blossoming altar of Fedhas.
   256 | D:2      | Found a sparkling altar of Nemelex Xobeh.
   256 | D:2      | Found a shimmering altar of Xom.
   258 | D:2      | Found a glowing silver altar of Zin.
   258 | D:2      | Found an ancient bone altar of Kikubaaqudgha.
   258 | D:2      | Found a deep blue altar of Sif Muna.
   333 | D:1      | Gained mutation: You are resistant to electric shocks. (rElec) [potion of mutation]
   333 | D:1      | Gained mutation: You have sharp toenails. [potion of mutation]
   333 | D:1      | Gained mutation: You have a pair of small horns on your head. [potion of mutation]
   361 | D:3      | Reached skill level 5 in Spellcasting
   361 | D:3      | Reached XP level 3. HP: 25/25 MP: 3/9
   366 | D:3      | Learned a level 3 spell: Stone Arrow
   377 | D:3      | Found a shadowy altar of Dithmenos.
   454 | D:3      | Reached skill level 1 in Invocations
   466 | D:3      | Reached skill level 1 in Fighting
   466 | D:3      | Reached skill level 1 in Short Blades
   466 | D:3      | Reached skill level 1 in Long Blades
   466 | D:3      | Reached skill level 1 in Axes
   466 | D:3      | Reached skill level 1 in Maces & Flails
   466 | D:3      | Reached skill level 1 in Polearms
   466 | D:3      | Reached skill level 1 in Staves
   466 | D:3      | Reached skill level 1 in Slings
   466 | D:3      | Reached skill level 1 in Bows
   466 | D:3      | Reached skill level 1 in Crossbows
   466 | D:3      | Reached skill level 1 in Throwing
   466 | D:3      | Reached skill level 1 in Armour
   466 | D:3      | Reached skill level 1 in Shields
   466 | D:3      | Reached skill level 1 in Unarmed Combat
   466 | D:3      | Reached skill level 1 in Evocations
   466 | D:3      | Reached XP level 4. HP: 20/32 MP: 7/11
   472 | D:3      | Reached skill level 1 in Conjurations
   472 | D:3      | Reached skill level 1 in Hexes
   472 | D:3      | Reached skill level 1 in Charms
   472 | D:3      | Reached skill level 1 in Summonings
   472 | D:3      | Reached skill level 1 in Necromancy
   472 | D:3      | Reached skill level 1 in Translocations
   472 | D:3      | Reached skill level 1 in Fire Magic
   472 | D:3      | Reached skill level 1 in Ice Magic
   472 | D:3      | Reached skill level 1 in Air Magic
   472 | D:3      | Reached skill level 1 in Poison Magic
   472 | D:3      | Reached XP level 5. HP: 24/37 MP: 6/12
   500 | D:4      | Learned a level 4 spell: Petrify
   578 | D:4      | Found a shimmering altar of Xom.
   593 | D:3      | Found a glowing silver altar of Zin.
   593 | D:3      | Found a radiant altar of Vehumet.
   596 | D:3      | Found a bloodstained altar of Trog.
   669 | D:4      | Found an opulent altar of Gozag.
   672 | D:4      | Found a blossoming altar of Fedhas.
   673 | D:4      | Found a shattered altar of Ashenzari.
   673 | D:4      | Found a sacrificial altar of Ru.
   689 | D:5      | Entered Level 5 of the Dungeon
   747 | D:5      | Noticed a sky beast
   754 | D:5      | Found Qoom's Food Shop.
   778 | D:5      | Noticed komo4ek's ghost (novice GrFi)
   785 | D:5      | Killed komo4ek's ghost
   785 | D:5      | Reached skill level 2 in Fighting
   785 | D:5      | Reached skill level 2 in Short Blades
   785 | D:5      | Reached skill level 2 in Long Blades
   785 | D:5      | Reached skill level 2 in Axes
   785 | D:5      | Reached skill level 2 in Maces & Flails
   785 | D:5      | Reached skill level 2 in Polearms
   785 | D:5      | Reached skill level 2 in Staves
   785 | D:5      | Reached skill level 2 in Slings
   785 | D:5      | Reached skill level 2 in Bows
   785 | D:5      | Reached skill level 2 in Crossbows
   785 | D:5      | Reached skill level 2 in Throwing
   785 | D:5      | Reached skill level 2 in Armour
   785 | D:5      | Reached skill level 5 in Dodging
   785 | D:5      | Reached skill level 2 in Shields
   785 | D:5      | Reached skill level 2 in Unarmed Combat
   785 | D:5      | Reached skill level 2 in Invocations
   785 | D:5      | Reached skill level 2 in Evocations
   785 | D:5      | Reached XP level 6. HP: 30/45 MP: 12/14
   785 | D:5      | Reached XP level 7. HP: 34/51 MP: 12/15
   792 | D:5      | Noticed a two-headed ogre
   798 | D:5      | Found a faded altar of an unknown god.
   800 | D:5      | Found a staircase to the Ecumenical Temple.
   803 | D:5      | Killed a two-headed ogre
   803 | D:5      | Reached skill level 3 in Fighting
   803 | D:5      | Reached skill level 3 in Short Blades
   803 | D:5      | Reached skill level 3 in Long Blades
   803 | D:5      | Reached skill level 3 in Axes
   803 | D:5      | Reached skill level 3 in Maces & Flails
   803 | D:5      | Reached skill level 3 in Polearms
   803 | D:5      | Reached skill level 3 in Staves
   803 | D:5      | Reached skill level 3 in Slings
   803 | D:5      | Reached skill level 3 in Bows
   803 | D:5      | Reached skill level 3 in Crossbows
   803 | D:5      | Reached skill level 3 in Throwing
   803 | D:5      | Reached skill level 3 in Armour
   803 | D:5      | Reached skill level 5 in Stealth
   803 | D:5      | Reached skill level 3 in Shields
   803 | D:5      | Reached skill level 3 in Unarmed Combat
   803 | D:5      | Reached skill level 6 in Spellcasting
   803 | D:5      | Reached skill level 2 in Conjurations
   803 | D:5      | Reached skill level 2 in Hexes
   803 | D:5      | Reached skill level 2 in Charms
   803 | D:5      | Reached skill level 2 in Summonings
   803 | D:5      | Reached skill level 2 in Necromancy
   803 | D:5      | Reached skill level 2 in Translocations
   803 | D:5      | Reached skill level 3 in Transmutations
   803 | D:5      | Reached skill level 2 in Fire Magic
   803 | D:5      | Reached skill level 2 in Ice Magic
   803 | D:5      | Reached skill level 2 in Air Magic
   803 | D:5      | Reached skill level 6 in Earth Magic
   803 | D:5      | Reached skill level 2 in Poison Magic
   803 | D:5      | Reached skill level 3 in Invocations
   803 | D:5      | Reached skill level 3 in Evocations
   803 | D:5      | Reached XP level 8. HP: 42/58 MP: 15/17
   810 | Temple   | Entered the Ecumenical Temple
   898 | D:5      | Learned a level 5 spell: Lee's Rapid Deconstruction
   909 | D:5      | Noticed Pikel
   925 | D:5      | Killed Pikel
   925 | D:5      | Reached skill level 3 in Conjurations
   925 | D:5      | Reached skill level 3 in Hexes
   925 | D:5      | Reached skill level 3 in Charms
   925 | D:5      | Reached skill level 3 in Summonings
   925 | D:5      | Reached skill level 3 in Necromancy
   925 | D:5      | Reached skill level 3 in Translocations
   925 | D:5      | Reached skill level 3 in Fire Magic
   925 | D:5      | Reached skill level 3 in Ice Magic
   925 | D:5      | Reached skill level 3 in Air Magic
   925 | D:5      | Reached skill level 3 in Poison Magic
   925 | D:5      | Reached skill level 4 in Invocations
   925 | D:5      | Reached XP level 9. HP: 58/65 MP: 11/18
   961 | D:5      | Found a white marble altar of Elyvilon.
   994 | D:6      | Reached skill level 6 in Dodging
  1003 | D:6      | Noticed Duvessa
  1003 | D:6      | Noticed Dowan
  1013 | D:6      | Killed Duvessa
  1017 | D:6      | Killed Dowan
  1256 | D:6      | Reached skill level 4 in Fighting
  1256 | D:6      | Reached skill level 4 in Short Blades
  1256 | D:6      | Reached skill level 4 in Long Blades
  1256 | D:6      | Reached skill level 4 in Axes
  1256 | D:6      | Reached skill level 4 in Maces & Flails
  1256 | D:6      | Reached skill level 4 in Polearms
  1256 | D:6      | Reached skill level 4 in Staves
  1256 | D:6      | Reached skill level 4 in Slings
  1256 | D:6      | Reached skill level 4 in Bows
  1256 | D:6      | Reached skill level 4 in Crossbows
  1256 | D:6      | Reached skill level 4 in Throwing
  1256 | D:6      | Reached skill level 4 in Armour
  1256 | D:6      | Reached skill level 4 in Shields
  1256 | D:6      | Reached skill level 4 in Unarmed Combat
  1256 | D:6      | Reached skill level 4 in Transmutations
  1256 | D:6      | Reached skill level 4 in Evocations
  1290 | D:6      | Reached skill level 6 in Stealth
  1581 | D:8      | Found a snail-covered altar of Cheibriados.
  1588 | D:8      | Became a worshipper of Cheibriados the Contemplative
  1840 | D:10     | Entered Level 10 of the Dungeon
  1844 | D:10     | Noticed a two-headed ogre
  1863 | D:9      | Reached skill level 5 in Invocations
  1864 | D:9      | Noticed a two-headed ogre
  1882 | D:9      | Killed a two-headed ogre
  1882 | D:9      | Reached skill level 7 in Spellcasting
  1882 | D:9      | Reached skill level 4 in Conjurations
  1882 | D:9      | Reached skill level 4 in Hexes
  1882 | D:9      | Reached skill level 4 in Charms
  1882 | D:9      | Reached skill level 4 in Summonings
  1882 | D:9      | Reached skill level 4 in Necromancy
  1882 | D:9      | Reached skill level 4 in Translocations
  1882 | D:9      | Reached skill level 4 in Fire Magic
  1882 | D:9      | Reached skill level 4 in Ice Magic
  1882 | D:9      | Reached skill level 4 in Air Magic
  1882 | D:9      | Reached skill level 4 in Poison Magic
  1882 | D:9      | Reached XP level 10. HP: 72/73 MP: 18/20
  1916 | D:10     | Reached * piety under Cheibriados
  1939 | D:10     | Noticed Nergalle
  1946 | D:10     | Killed Nergalle
  1946 | D:10     | Reached skill level 5 in Fighting
  1946 | D:10     | Reached skill level 5 in Short Blades
  1946 | D:10     | Reached skill level 5 in Long Blades
  1946 | D:10     | Reached skill level 5 in Axes
  1946 | D:10     | Reached skill level 5 in Maces & Flails
  1946 | D:10     | Reached skill level 5 in Polearms
  1946 | D:10     | Reached skill level 5 in Staves
  1946 | D:10     | Reached skill level 5 in Slings
  1946 | D:10     | Reached skill level 5 in Bows
  1946 | D:10     | Reached skill level 5 in Crossbows
  1946 | D:10     | Reached skill level 5 in Throwing
  1946 | D:10     | Reached skill level 5 in Armour
  1946 | D:10     | Reached skill level 5 in Shields
  1946 | D:10     | Reached skill level 5 in Unarmed Combat
  1946 | D:10     | Reached skill level 7 in Earth Magic
  1946 | D:10     | Reached skill level 5 in Evocations
  1959 | D:10     | Paralysed by a hornet for 3 turns
  1966 | D:10     | Reached skill level 7 in Dodging
  1976 | D:10     | Found Kebeow's Jewellery Shoppe.
  2066 | D:10     | Found a shadowy altar of Dithmenos.
  2255 | D:11     | Noticed a manticore
  2283 | D:11     | Killed a manticore
  2283 | D:11     | Reached skill level 5 in Transmutations
  2283 | D:11     | Reached skill level 6 in Invocations
  2313 | D:11     | Noticed a cyan ugly thing
  2322 | D:11     | Killed a cyan ugly thing
  2322 | D:11     | Reached skill level 7 in Stealth
  2418 | D:12     | Reached XP level 11. HP: 81/81 MP: 4/22
  2427 | D:12     | Noticed a cyclops
  2581 | D:12     | Killed a cyclops
  2583 | D:12     | Got a translucent lead ring
  2585 | D:12     | Identified the ring "Mofranah" {Fire Int+2} (You found it on level 12 of the Dungeon)
  2613 | D:12     | Noticed a cyclops
  2626 | D:12     | Killed a cyclops
  2662 | D:12     | Reached ** piety under Cheibriados
  2664 | D:12     | Reached skill level 6 in Fighting
  2664 | D:12     | Reached skill level 6 in Short Blades
  2664 | D:12     | Reached skill level 6 in Long Blades
  2664 | D:12     | Reached skill level 6 in Axes
  2664 | D:12     | Reached skill level 6 in Maces & Flails
  2664 | D:12     | Reached skill level 6 in Polearms
  2664 | D:12     | Reached skill level 6 in Staves
  2664 | D:12     | Reached skill level 6 in Slings
  2664 | D:12     | Reached skill level 6 in Bows
  2664 | D:12     | Reached skill level 6 in Crossbows
  2664 | D:12     | Reached skill level 6 in Throwing
  2664 | D:12     | Reached skill level 6 in Armour
  2664 | D:12     | Reached skill level 6 in Shields
  2664 | D:12     | Reached skill level 6 in Unarmed Combat
  2664 | D:12     | Reached skill level 6 in Evocations
  2690 | D:12     | Noticed Agrougrou's ghost (journeyman OpTm)
  2699 | D:12     | Learned a level 2 spell: Blink
  2703 | D:12     | Learned a level 3 spell: Conjure Flame
  2707 | D:12     | Learned a level 3 spell: Mephitic Cloud
  2741 | D:11     | Noticed a two-headed ogre
  2749 | D:11     | Reached skill level 5 in Conjurations
  2749 | D:11     | Reached skill level 5 in Hexes
  2749 | D:11     | Reached skill level 5 in Charms
  2749 | D:11     | Reached skill level 5 in Summonings
  2749 | D:11     | Reached skill level 5 in Necromancy
  2749 | D:11     | Reached skill level 5 in Translocations
  2749 | D:11     | Reached skill level 5 in Fire Magic
  2749 | D:11     | Reached skill level 5 in Ice Magic
  2749 | D:11     | Reached skill level 5 in Air Magic
  2749 | D:11     | Reached skill level 5 in Poison Magic
  2753 | D:11     | Killed a two-headed ogre
  2753 | D:11     | Reached skill level 8 in Spellcasting
  2957 | D:10     | Killed a two-headed ogre
  2994 | D:9      | Reached *** piety under Cheibriados
  3020 | D:10     | Reached skill level 7 in Invocations
  3081 | D:10     | Reached skill level 8 in Dodging
  3111 | D:10     | Identified a scroll of acquirement
  3130 | D:10     | Found a shadowy altar of Dithmenos.
  3149 | D:10     | Noticed an unseen horror
  3154 | D:10     | Reached **** piety under Cheibriados
  3157 | D:10     | Killed an unseen horror
  3165 | D:10     | Learned a level 1 spell: Animate Skeleton
  3167 | D:10     | Learned a level 1 spell: Apportation
  3210 | D:10     | Found a staircase to the Orcish Mines.
  3222 | D:10     | Reached skill level 6 in Transmutations
  3229 | D:10     | Reached skill level 8 in Stealth
  3271 | Orc:1    | Entered Level 1 of the Orcish Mines
  3271 | Orc:1    | Noticed an orc warlord
  3281 | Orc:1    | Reached XP level 12. HP: 60/89 MP: 10/24
  3304 | Orc:1    | Killed an orc warlord
  3304 | Orc:1    | Reached skill level 8 in Earth Magic
  3355 | Orc:2    | Entered Level 2 of the Orcish Mines
  3359 | Orc:2    | Noticed an orc high priest
  3365 | Orc:2    | Noticed an orc warlord
  3383 | Orc:1    | Reached skill level 7 in Fighting
  3383 | Orc:1    | Reached skill level 7 in Short Blades
  3383 | Orc:1    | Reached skill level 7 in Long Blades
  3383 | Orc:1    | Reached skill level 7 in Axes
  3383 | Orc:1    | Reached skill level 7 in Maces & Flails
  3383 | Orc:1    | Reached skill level 7 in Polearms
  3383 | Orc:1    | Reached skill level 7 in Staves
  3383 | Orc:1    | Reached skill level 7 in Slings
  3383 | Orc:1    | Reached skill level 7 in Bows
  3383 | Orc:1    | Reached skill level 7 in Crossbows
  3383 | Orc:1    | Reached skill level 7 in Throwing
  3383 | Orc:1    | Reached skill level 7 in Armour
  3383 | Orc:1    | Reached skill level 7 in Shields
  3383 | Orc:1    | Reached skill level 7 in Unarmed Combat
  3383 | Orc:1    | Reached skill level 7 in Evocations
  3429 | D:10     | Noticed a two-headed ogre
  3440 | D:10     | Killed a two-headed ogre
  3534 | D:14     | Found a shattered altar of Ashenzari.
  3541 | D:14     | Noticed a centaur warrior
  3559 | D:13     | Reached skill level 6 in Conjurations
  3559 | D:13     | Reached skill level 6 in Hexes
  3559 | D:13     | Reached skill level 6 in Charms
  3559 | D:13     | Reached skill level 6 in Summonings
  3559 | D:13     | Reached skill level 6 in Necromancy
  3559 | D:13     | Reached skill level 6 in Translocations
  3559 | D:13     | Reached skill level 6 in Fire Magic
  3559 | D:13     | Reached skill level 6 in Ice Magic
  3559 | D:13     | Reached skill level 6 in Air Magic
  3559 | D:13     | Reached skill level 6 in Poison Magic
  3582 | D:13     | Noticed a centaur warrior
  3599 | D:13     | Quit the game

Skill      XL: |  1  2  3  4  5  6  7  8  9 10 11 12 |
---------------+-------------------------------------+-----
Transmutations | 2 3 4 5 6 |  6.4
Spellcasting   | 5 6 7 8 |  8.9
Invocations    | 1 2 3 4 5 6 7 |  7.9
Fighting       | 1 2 3 4 5 6 7 |  7.2
Short Blades   | 1 2 3 4 5 6 7 |  7.2
Long Blades    | 1 2 3 4 5 6 7 |  7.2
Axes           | 1 2 3 4 5 6 7 |  7.2
Maces & Flails | 1 2 3 4 5 6 7 |  7.2
Polearms       | 1 2 3 4 5 6 7 |  7.2
Staves         | 1 2 3 4 5 6 7 |  7.2
Slings         | 1 2 3 4 5 6 7 |  7.2
Bows           | 1 2 3 4 5 6 7 |  7.2
Crossbows      | 1 2 3 4 5 6 7 |  7.2
Throwing       | 1 2 3 4 5 6 7 |  7.2
Armour         | 1 2 3 4 5 6 7 |  7.2
Shields        | 1 2 3 4 5 6 7 |  7.2
Unarmed Combat | 1 2 3 4 5 6 7 |  7.2
Evocations     | 1 2 3 4 5 6 7 |  7.2
Conjurations   | 1 2 3 4 5 6 |  6.0
Hexes          | 1 2 3 4 5 6 |  6.0
Charms         | 1 2 3 4 5 6 |  6.0
Summonings     | 1 2 3 4 5 6 |  6.0
Necromancy     | 1 2 3 4 5 6 |  6.0
Translocations | 1 2 3 4 5 6 |  6.0
Fire Magic     | 1 2 3 4 5 6 |  6.0
Ice Magic      | 1 2 3 4 5 6 |  6.0
Air Magic      | 1 2 3 4 5 6 |  6.0
Poison Magic   | 1 2 3 4 5 6 |  6.0
Dodging        | 5 6 7 8 |  8.6
Stealth        | 5 6 7 8 |  8.4
Earth Magic    | 6 7 8 |  8.2

Action                   |  1- 3 |  4- 6 |  7- 9 | 10-12 || total
-------------------------+-------+-------+-------+-------++-------
Melee: Dagger            |    14 |    14 |    72 |   113 ||   213
       Kick              |     1 |     3 |    24 |    67 ||    95
       Bite              |       |     1 |    15 |    25 ||    41
       Punch             |       |     1 |     1 |       ||     2
       Headbutt          |       |       |    13 |    58 ||    71
       Demon trident     |       |       |       |    86 ||    86
       Trident           |       |       |       |    11 ||    11
Throw: Throwing net      |       |       |       |     4 ||     4
       Tomahawk          |       |       |       |     9 ||     9
       Stone             |       |       |       |     1 ||     1
 Cast: Sandblast         |    25 |    10 |    28 |    85 ||   148
       Passwall          |     4 |     6 |     6 |    12 ||    28
       Petrify           |       |       |    18 |    45 ||    63
       Lee's Rapid Decon |       |       |     4 |     8 ||    12
       Conjure Flame     |       |       |       |    11 ||    11
       Mephitic Cloud    |       |       |       |    13 ||    13
       Apportation       |       |       |       |     3 ||     3
       Blink             |       |       |       |     3 ||     3
Invok: Bend Time         |       |       |       |     2 ||     2
       Slouch            |       |       |       |     3 ||     3
Evoke: Wand              |       |     5 |    21 |    19 ||    45
       Lightning rod     |       |       |       |     9 ||     9
  Use: Scroll            |     4 |     1 |     7 |    11 ||    23
       Potion            |     1 |       |     3 |     4 ||     8
 Stab: Sleeping          |     6 |     6 |     3 |     5 ||    20
       Paralysed         |       |     3 |    13 |     4 ||    20
       Petrified         |       |       |    14 |    30 ||    44
       Petrifying        |       |       |     4 |     4 ||     8
       Held in net/web   |       |       |       |     3 ||     3
       Confused          |       |       |       |     6 ||     6
  Eat: Ration            |     1 |       |     2 |     1 ||     4
       Chunk             |       |       |       |     3 ||     3
Armor: Robe              |     7 |     3 |       |     3 ||    13
       Troll leather arm |       |       |       |    18 ||    18
       Skin              |       |       |       |    11 ||    11
Dodge: Dodged            |    15 |    13 |    38 |   211 ||   277
Block: Buckler           |       |       |       |    65 ||    65

Table legend:
 A = Turns spent in this place as a percentage of turns spent in the entire game.
 B = Non-inter-level travel turns spent in this place as a percentage of non-inter-level travel turns spent in the entire game.
 C = Inter-level travel turns spent in this place as a percentage of turns spent in this place.
 D = Turns resting spent in this place as a percentage of non-inter-level travel turns spent in this place.
 E = Turns spent auto-exploring this place as a percentage of non-inter-level travel turns spent in this place.
 F = Non-inter-level travel turns spent in this place divided by the number of levels of this place that you've seen.
                   A       B       C       D       E      F
               +-------+-------+-------+-------+-------+----------------------
         Total | 100.0 | 100.0 |   0.2 |   0.2 |   0.0 | 211.2
       Dungeon |  94.7 |  94.9 |   0.0 |   0.2 |   0.0 | 243.4
        Temple |   1.6 |   1.4 |  13.6 |   0.0 |   0.0 |  51.0
  Orcish Mines |   3.7 |   3.7 |   0.0 |   0.0 |   0.0 |  66.0
               +-------+-------+-------+-------+-------+----------------------

Table legend:
 A = Kills in this place as a percentage of kills in entire the game.
 B = Kills by you in this place as a percentage of kills by you in the entire game.
 C = Kills by friends in this place as a percentage of kills by friends in the entire game.
 D = Other kills in this place as a percentage of other kills in the entire game.
 E = Experience gained in this place as a percentage of experience gained in the entire game.
 F = Experience gained in this place divided by the number of levels of this place that you have seen.
                   A       B       C       D       E      F
               +-------+-------+-------+-------+-------+----------------------
         Total | 100.0 | 100.0 |   N/A | 100.0 | 100.0 | 1475.1
       Dungeon |  92.5 |  94.4 |   N/A |   0.0 |  85.2 | 1526.2
  Orcish Mines |   7.5 |   5.6 |   N/A | 100.0 |  14.8 | 1854.5
               +-------+-------+-------+-------+-------+----------------------

Vault maps used:
D:1:      minmay_arrival_stair_chambers
D:2:      doesnt_xom_only_xom
D:3:      lemuel_coloured_pillars_altar, nicolae_overflow_hidden_temple,
          hangedman_abyss_or_decor_stabs, roderic_batcave
D:4:      kennysheep_mini_moat, grunt_temple_overflow_open, first_ration,
          serial_shops, shop, mrwooster_statue_mirror
D:5:      kennysheep_little_box, nicolae_temple_entry_ecumenical, serial_shops,
          nicolae_shop_trees, minmay_misc_feat_five, uniq_pikel,
          uniq_crazy_yiuf_cottage
D:6:      lemuel_crystal_altar, uniq_duvessa
D:7:      lemuel_blue_sif_altar, uniq_joseph
D:8:      slow_altar_1, makhleb_blood_cavern_becter, david_lair_generic,
          serial_shops, kennysheep_mini
D:10:     david_orc_1_choice, basic_altar, serial_shops, nicolae_shop_trees,
          david_nohive_1, nicolae_dithmenos_shadow_blocks, uniq_nergalle
D:12:     serial_bayou_pond_e
D:13:     david_vaults_4
D:14:     serial_park, serial_park_avenue1, serial_park_square2,
          serial_park_square3, serial_park_square1, basic_altar, uniq_urug,
          uniq_azrael
Temple:   nicolae_temple_figure_zero
Orc:1:    basic_altar
Orc:2:    grunt_orc_gardens, grunt_orc_garden, grunt_orc_garden,
          grunt_orc_garden, grunt_orc_garden, serial_shops, bzr_entry_safe,
          shop, nicolae_volcano_entry_batcave, nicolae_orc_pool_cavern,
          library_closet
